 Dungeon Crawl Stone Soup version 0.30.1 (webtiles) character file.

Game seed: 1261987831205523874

114 GeoRichter the Ducker (level 4, -2/25 HPs)
             Began as a Spriggan Berserker on July 12, 2023.
             Was a Believer of Trog.
             Killed from afar by an orc wizard (8 damage)
             ... with a puff of flame
             ... on level 3 of the Dungeon.
             The game lasted 00:04:18 (2252 turns).

GeoRichter the Ducker (Spriggan Berserker)          Turns: 2252, Time: 00:04:19

Health: -2/25      AC:  3    Str: 12 (14) XL:     4   Next: 67%
Magic:  5/5        EV: 19    Int:  7      God:    Trog [**....]
Gold:   99         SH:  4    Dex: 17 (18) Spells: 3/3 levels left

rFire   . . .        a - +0 short sword
rCold   . . .        i - +0 buckler
rNeg    . . .        b - +0 animal skin
rPois   .            (helmet restricted)
rElec   .            e - +0 cloak
rCorr   .            (gloves unavailable)
SInv    +            (boots unavailable)
Will    .....        (no amulet)
Stlth   ++           (no ring)
HPRegen 0.24/turn    (no ring)
MPRegen 0.09/turn

%: no passive effects
@: very quick
A: very small, no large weapons, unfitting armour, see invisible, speed 3, agile
1
a: Renounce Religion, Berserk, Trog's Hand


You were on level 3 of the Dungeon.
You worshipped Trog.
Trog was pleased with you.
You visited 1 branch of the dungeon, and saw 3 of its levels.

You collected 99 gold pieces.

Inventory:

Hand Weapons
 a - a +0 short sword (weapon)
Armour
 b - a +0 animal skin (worn)
 e - a +0 cloak (worn)
   (You found it on level 1 of the Dungeon)
 i - a +0 buckler (worn)
   (You found it on level 1 of the Dungeon)
Wands
 o - a wand of polymorph (8)
   (You took it off Terence on level 2 of the Dungeon)
Scrolls
 c - 2 scrolls of enchant weapon {unknown}
 g - a scroll of identify {@r1}
 l - a scroll of amnesia {unknown}
 m - a scroll of fog {unknown}
 n - a scroll of teleportation {unknown}
 p - a scroll of blinking {unknown}
 q - a scroll of fear {unknown}
Potions
 d - a potion of mutation {!q}
 f - a potion of flight {unknown}
 h - 3 potions of curing {unknown}
 j - 2 potions of might
 k - 2 potions of ambrosia


   Skills:
 * Level 4.0 Fighting
 - Level 3.2 Short Blades
 + Level 5.3 Dodging


You had 3 spell levels left.
You didn't know any spells.
Your spell library was empty.

Dungeon Overview and Level Annotations

Branches:
Dungeon (3/15) Zot: 16406

Altars:
Trog


Innate Abilities, Weirdness & Mutations

You are very small and have problems with some larger weapons.
You are too small for most types of armour.
You have supernaturally acute eyesight. (SInv)
You cover ground extremely quickly. (Speed+++)
You are agile. (Dex +4, Str/Int -1)


Message History

The orc wizard gestures at you while chanting.
The magic dart hits you!
* * * LOW HITPOINT WARNING * * *
You barely miss the orc wizard.
The orc wizard is severely wounded.
You block the orc wizard's attack.
You closely miss the orc wizard.
The orc wizard is severely wounded.
The orc wizard mumbles some strange words.
The orc wizard flickers and vanishes for a moment.
You hit the orc wizard but do no damage.
The orc wizard is severely wounded.
The orc wizard hits you but does no damage.
You barely miss the orc wizard.
The orc wizard is severely wounded.
The orc wizard hits you with a +0 dagger.
* * * LOW HITPOINT WARNING * * *
You hit the orc wizard but do no damage.
The orc wizard is severely wounded.
The orc wizard hits you but does no damage.
You miss the orc wizard.
The orc wizard is severely wounded.
The orc wizard hits you with a +0 dagger.
* * * LOW HITPOINT WARNING * * *
You hit the orc wizard.
The orc wizard is severely wounded.
The orc wizard hits you but does no damage.
You hit the orc wizard.
The orc wizard is severely wounded.
You closely miss the orc wizard.
The orc wizard is severely wounded.
The orc wizard completely misses you.
You barely miss the orc wizard.
The orc wizard is severely wounded.
The orc wizard closely misses you.
You hit the orc wizard.
The orc wizard is almost dead.
The orc wizard hits you with a +0 dagger.
* * * LOW HITPOINT WARNING * * *
You completely miss the orc wizard.
The orc wizard is almost dead.
The orc wizard hits you but does no damage.
You hit the orc wizard but do no damage.
The orc wizard is almost dead.
The orc wizard misses you.
You closely miss the orc wizard.
The orc wizard is almost dead.
The orc wizard casts a spell at you. The puff of flame hits you!
You die...

..#
#..############.#
..
#..##.........#.#
.
#..##.#####...#.#
#..##.#.......#.#
#..##.#.#<....#.#
#..##.#.#####.#.#
#..##.#.#####.#.#
#..##.#.......#.#
#@#########.#
#.oS........#
#############


You could see an orc wizard (invisible) and a ball python.

Vanquished Creatures
  Jessica (D:2)
  Terence (D:2)
  An adder (D:2)
  A dart slug (D:1)
  An orc (D:3)
  7 ball pythons
  5 endoplasms
  A goblin (D:1)
  5 hobgoblins
  8 jackals
  3 quokkas
  5 bats
  A frilled lizard (D:1)
  4 kobolds
  4 rats
48 creatures vanquished.

Notes
Turn   | Place    | Note
-------+----------+-------------------------------------------
     0 | D:1      | GeoRichter the Spriggan Berserker began the quest for the
                  | Orb.
     0 | D:1      | Reached XP level 1. HP: 11/11 MP: 2/2
   383 | D:1      | Reached XP level 2. HP: 14/16 MP: 3/3
   619 | D:1      | You fall into a shaft and drop 1 floor!
   817 | D:1      | Found a faded altar of an unknown god.
  1106 | D:1      | Reached XP level 3. HP: 20/20 MP: 4/4
  1137 | D:1      | Reached ** piety under Trog
  1298 | D:2      | Noticed Terence
  1337 | D:2      | Killed Terence
  1367 | D:2      | Gained mutation: You are agile. (Dex +4, Str/Int -1)
                  | [potion of mutation]
  1367 | D:2      | Gained mutation: You are dopey. (Int -2) [potion of
                  | mutation]
  1367 | D:2      | Lost mutation: You are dopey. (Int -2) [potion of mutation]
  1369 | D:2      | HP: 1/20 [poisoned by an adder]
  1476 | D:2      | Reached skill level 5 in Dodging
  1503 | D:2      | Reached XP level 4. HP: 24/24 MP: 5/5
  1669 | D:2      | Noticed Jessica
  1683 | D:2      | Killed Jessica
  1881 | D:2      | Found a bloodstained altar of Trog.
  2252 | D:3      | Killed from afar by an orc wizard

Illustrated notes

Levels and vault maps discovered:
D:1:      dpeg_arrival_short_road, layout_basic,
          hellmonk_ecumenical_altar_crossroads
D:2:      layout_basic, basic_altar, kennysheep_generic_room_9, uniq_terence,
          uniq_jessica
D:3:      cheibrodos_thug_alley, layout_basic

Skill      XL: |  1  2  3  4 |
---------------+-------------+-----
Fighting       | 3 4 |  4.0
Dodging        | 5 |  5.3
Short Blades   | |  3.2

Action                     |  1- 3 |  4- 6 || total
---------------------------+-------+-------++-------
  Melee: Short sword       |   169 |   132 ||   301
         Punch             |     1 |       ||     1
         Unarmed           |     6 |       ||     6
 Invoke: Berserk           |     1 |       ||     1
    Use: Potion            |     5 |       ||     5
         Scroll            |     1 |       ||     1
   Stab: Sleeping          |     2 |     2 ||     4
         Invisible         |     2 |       ||     2
 Armour: Animal skin       |    23 |    20 ||    43
  Dodge: Dodged            |   127 |    89 ||   216
  Block: Buckler           |     6 |    21 ||    27
